 Dungeon Crawl Stone Soup version 0.30-a0-39-g42789b21ef (webtiles) character file.

Game seed: 6484410414500005534

58 flotson the Sneak (level 3, -11/29 HPs)
             Began as a Demonspawn Delver on Aug 28, 2022.
             Shot with an arrow by a centaur (13 damage)
             ... on level 5 of the Dungeon.
             The game lasted 00:01:07 (48 turns).

flotson the Sneak (Demonspawn Delver)                 Turns: 48, Time: 00:01:09

Health: -11/29     AC:  3    Str: 14    XL:     3   Next: 76%
Magic:  3/3        EV: 15    Int: 11    God:
Gold:   0          SH:  0    Dex: 14    Spells: 2/2 levels left

rFire   . . .      SeeInvis .    a - +0 hand axe
rCold   . . .      Faith    .    (no shield)
rNeg    . . .      Spirit   .    b - +0 leather armour
rPois   .          Reflect  .    (no helmet)
rElec   .          Harm     .    (no cloak)
rCorr   .          Rampage  .    (no gloves)
Will    .....                    (no boots)
Stlth   +++.......               (no amulet)
HPRegen 0.09/turn                (no ring)
MPRegen 0.08/turn                (no ring)

@: no status effects
A: repulsion field 2
a: no special abilities


You were on level 5 of the Dungeon.
You visited 1 branch of the dungeon, and saw 1 of its levels.

Inventory:

Hand Weapons
 a - a +0 hand axe (weapon)
Armour
 b - a +0 leather armour (worn)
Wands
 g - a wand of digging (2)
Scrolls
 c - a scroll of fog


   Skills:
 + Level 3.5 Fighting
 + Level 2.4 Axes
 + Level 2.4 Dodging
 + Level 4.9 Stealth


You had 2 spell levels left.
You didn't know any spells.
Your spell library was empty.

Dungeon Overview and Level Annotations

Branches:
Dungeon (5/15)             Temple (0/1) D:5

Altars:


Innate Abilities, Weirdness & Mutations

You are surrounded by a moderate repulsion field. (EV +3)


Message History

You closely miss the iguana.
The iguana is moderately wounded.
The iguana closely misses you.
You hit the iguana but do no damage.
The iguana is moderately wounded.
The iguana closely misses you.
You hit the iguana.
The iguana is heavily wounded.
The iguana closely misses you.
You hit the iguana.
The iguana is severely wounded.
You hit the iguana.
The iguana is severely wounded.
The iguana bites you!
* * * LOW HITPOINT WARNING * * *
You hit the iguana.
The iguana is almost dead.
The iguana misses you.
You hit the iguana. You punch the iguana.
You kill the iguana!
Unknown command.
Your extra speed is starting to run out.
There is a fountain of clear blue water here.
A centaur and a howler monkey come into view.
The howler monkey howls!
Found a metallic cyan potion and a helmet.
The centaur wields a +0 shortbow.
The centaur shoots an arrow.
The arrow misses you.
Unknown command.
The howler monkey hoots and howls with incredible vigour!
You hear an angry hiss.
You hear a shout! x3
The centaur shoots an arrow.
The arrow barely misses you. The howler monkey closely misses you.
Aiming: Dig
Press: ? - help, Shift-Dir - straight line A rock wall.
The rock shatters into small pieces.
You feel yourself slow down.
The centaur shoots an arrow.
The arrow hits you!
You die...

*,**,<..s....8.......>.#*
*,**,,,....#...#.......#*
*,*****#,,,##†##...#####*
*,* *,,,#s..#...#***** **,*
*,<,#.⌠.#.>.#*,,,, *,,*
*,,,#...#...#*,,,,
*,.###**###*#...#####*,,,,
*,..!..##.###...#*****,,,,
*,.......@h.....#,,,,,,,,,
*,.........######**,,,,,,,
**,..[....c.#*****,,,******
* *,,..........**,,,****
**** *,,...........,****
,,,****,,.........###*
**,,,,*,,.......###
****,,,,.......*
*,,,,*,.....#*


You could see a centaur and a howler monkey (catching breath).

Vanquished Creatures
  A hound (D:5)
  An iguana (D:5)
2 creatures vanquished.

Notes
Turn   | Place    | Note
-------+----------+-------------------------------------------
     0 | D:5      | flotson the Demonspawn Delver began the quest for the Orb.
     0 | D:5      | Reached XP level 1. HP: 18/18 MP: 1/1
     5 | D:5      | Noticed a hound
     7 | D:5      | Noticed a scorpion
    11 | D:5      | Noticed an iguana
    27 | D:5      | Killed a hound
    28 | D:5      | Gained mutation: You are surrounded by a mild repulsion
                  | field. (EV +2) [demonic ancestry]
    28 | D:5      | Reached XP level 2. HP: 7/24 MP: 2/2
    28 | D:5      | Gained mutation: You are surrounded by a moderate repulsion
                  | field. (EV +3) [demonic ancestry]
    28 | D:5      | Reached XP level 3. HP: 8/29 MP: 3/3
    37 | D:5      | HP: 1/29 [iguana (8)]
    43 | D:5      | Noticed a centaur
    48 | D:5      | Shot with an arrow by a centaur

Illustrated notes

Levels and vault maps discovered:
D:5:      layout_cave_pods, nemelex_diamond_rough_becter, lemuel_crystal_altar,
          minmay_temple_entry_mini_moons, nicolae_elevator_lobby_plus

Skill      XL: |  1 |
---------------+----+-----
Axes           | 2 |  2.4
Dodging        | 2 |  2.4
Fighting       | |  3.5
Stealth        | |  4.9

Action                   || total
-------------------------++-------
Melee: Hand axe          ||    26
       Punch             ||     1
Evoke: Wand              ||     1
  Use: Potion            ||     1
       Scroll            ||     2
Armor: Leather armour    ||     3
Dodge: Dodged            ||    20

Table legend: (Time is in decaauts)
 A = Elapsed time spent in this place.
 B = Non-inter-level travel time spent in this place.
 C = Inter-level travel time spent in this place.
 D = Time resting spent in this place.
 E = Time spent auto-exploring this place.
 F = Levels seen in this place.
 G = Mean time per level.
                   A        B        C        D        E       F      G
               +--------+--------+--------+--------+--------+-----+--------+
         Total |     39 |     39 |      0 |      0 |      3 |   1 |   39.0 |
       Dungeon |     39 |     39 |      0 |      0 |      3 |   1 |   39.0 |
               +--------+--------+--------+--------+--------+-----+--------+

Top non-repeatable levels by time:
     D:5: 39 daAuts
